 Dungeon Crawl Stone Soup version 0.30-a0-29-g142975f185 (webtiles) character file.

Game seed: 17606913545897200159

7986 SensoryNuts the Severer (level 11, -2/94 HPs)
             Began as a Minotaur Fighter on Aug 26, 2022.
             Collided with a butterfly (4 damage)
             ... caused by a wretched star
             ... on level 3 of the Abyss.
             The game lasted 00:21:36 (9528 turns).

SensoryNuts the Severer (Minotaur Fighter)          Turns: 9528, Time: 00:21:36

Health: -2/94      AC: 19    Str: 20    XL:     11   Next: 4%
Magic:  19/19      EV:  7    Int: 10    God:
Gold:   560        SH:  6    Dex: 15    Spells: 10/10 levels left

rFire   . . .      SeeInvis .    m - +9 war axe "Haschun" {speed, Int+5}
rCold   . . .      Faith    .    c - +1 buckler
rNeg    . . .      Spirit   .    j - +6 plate armour
rPois   +          Reflect  .    (helmet restricted)
rElec   .          Harm     .    (no cloak)
rCorr   +          Rampage  .    (no gloves)
Will    .....      Rage     3%   (no boots)
Stlth   ..........               (no amulet)
HPRegen 0.25/turn                k - ring "Rawkibb" {rPois rCorr MP+9}
MPRegen 0.16/turn                (no ring)

@: flayed, studying Axes
A: horns 2, retaliatory headbutt, berserk 1
a: no special abilities


You were on level 3 of the Abyss.
You visited 2 branches of the dungeon, and saw 10 of its levels.
You visited the Abyss 1 time.

You collected 560 gold pieces.

Inventory:

Hand Weapons
 a - a +3 war axe
 m - the +9 war axe "Haschun" (weapon) {speed, Int+5}
   (You found it on level 3 of the Dungeon)

   Attacks with this weapon are significantly faster.
   Int:       It affects your intelligence (+5).
Missiles
 q - 2 throwing nets
Armour
 c - a +1 buckler (worn)
 j - a +6 plate armour (worn)
Jewellery
 k - the ring "Rawkibb" (left hand) {rPois rCorr MP+9}
   (You found it on level 5 of the Dungeon)

   [ring of magical power]

   rPois:     It protects you from poison.
   MP:        It affects your magic capacity (+9).
   rCorr:     It protects you from acid and corrosion.
 r - a ring of wizardry
Wands
 e - a wand of digging (4)
 g - a wand of paralysis (39) (quivered)
 h - a wand of acid (13)
 p - a wand of iceblast (7)
 t - a wand of flame (9)
Scrolls
 b - a scroll of identify
Potions
 f - 2 potions of flight
 o - a potion of ambrosia
 s - a potion of lignification
 w - a potion of mutation


   Skills:
 + Level 8.1 Fighting
 * Level 19.5 Axes
 + Level 7.5 Armour
 + Level 3.4 Dodging
 + Level 2.5 Stealth
 + Level 5.5 Shields
 + Level 0.2 Evocations


You had 10 spell levels left.
You didn't know any spells.
Your spell library contained the following spells:

 Spells                   Type           Power      Damage    Failure   Level
 Freeze                   Ice            0%         1d3       100%        1
 Shock                    Conj/Air       0%         1d3       100%        1
 Ensorcelled Hibernation  Hex/Ice        0%         N/A       100%        2
 Passwall                 Tmut/Erth      0%         N/A       100%        2
 Call Canine Familiar     Summ           0%         N/A       100%        3
 Frozen Ramparts          Ice            0%         1d1       100%        3
 Portal Projectile        Hex/Tloc       0%         N/A       100%        3
 Swiftness                Air            0%         N/A       100%        3
 Tukima's Dance           Hex            0%         N/A       100%        3
 Hailstorm                Conj/Ice       0%         3d3       100%        4
 Leda's Liquefaction      Hex/Erth       0%         N/A       100%        4
 Blade Hands              Tmut           0%         N/A       100%        5


Dungeon Overview and Level Annotations

Branches:
Dungeon (9/15)             Temple (1/1) D:4
   Lair: D:8-11         Orc: D:9-12

Altars:
Ashenzari
Cheibriados
Dithmenos
Elyvilon
Fedhas
Gozag
Kikubaaqudgha
Makhleb
Nemelex Xobeh
Okawaru
Qazlal
Ru
Sif Muna
Trog
Uskayaw
Vehumet
Wu Jian
Xom
Yredelemnul
Zin
The Shining One

Shops:
D:3 [   D:8 *

Annotations:
D:4 Eustachio
D:8 2 transporters


Innate Abilities, Weirdness & Mutations

You have a pair of horns on your head.
You reflexively headbutt those who attack you in melee.
You sometimes lose your temper in combat.


Message History

The tormentor barely misses you. The tormentor hits you.
Unknown command.
You bump into the stone wall.
You feel less invigorated.
You feel less confused.
The tormentor hits you but does no damage. x2
The flayed ghost cries, "Suffer as I suffered!"
Terrible wounds spread across more of your body!
* * * LOW HITPOINT WARNING * * *
The ancient zyme hits you but does no damage.
The ancient zyme barely misses you. You block the tormentor's attack.
The tormentor barely misses you.
You slash the ancient zyme!
You headbutt the ancient zyme, but do no damage.
The ancient zyme is lightly damaged.
You hit the tormentor but do no damage.
Unknown command.
Okay, then.
You slice the ancient zyme!! You headbutt the ancient zyme.
The ancient zyme is almost destroyed.
You hit the tormentor but do no damage.
The tormentor calls on the powers of darkness!
Your body is wracked with pain!
* * * LOW HITPOINT WARNING * * *
The ancient zyme barely misses you. The ancient zyme completely misses you.
You slash the ancient zyme!
You destroy the ancient zyme!
You barely miss the tormentor. The tormentor hits you.
* * * LOW HITPOINT WARNING * * *
You writhe in agony.
* * * LOW HITPOINT WARNING * * *
You block the tormentor's attack.
You swap places.
The wretched star glows turbulently.
The lance of force hits you!
* * * LOW HITPOINT WARNING * * *
You are knocked back by the lance of force.
You collide with your butterfly!
Your butterfly dies!
Your butterfly disappears in a burst of colours!
You die...

#. # . .
###..##.#. . .
.. .#.## #....
5.#X## ##.
2..#{## #...##
##W##
.#.#..#...##2#
... ..##..#.
#.# .
.......##
##@### ...#.#.
...#.*..# #. .
#..##.#......
..##
#...##..##..#
# # ....#.#.
## #...##
..#.# ##.#
#.#.# . #
.#..# # .


2 You could see a wretched star, a flayed ghost and a tormentor.

Vanquished Creatures
  2 two-headed ogres
  A large abomination (Abyss:3)
  Maggie (D:7)
  An ancient zyme (Abyss:3)
  10 yaks
  A neqoxec (Abyss:3)
  Edmund (D:4)
  An orc warrior (D:8)
  An ice beast (D:8)
  A sky beast (D:7)
  5 black bears
  A centaur (D:8)
  2 ogres (D:5)
  4 phantoms
  A kobold brigand (D:7)
  Blork the orc (D:6)
  5 bullfrogs
  A necrophage (D:5)
  2 scorpions (D:5)
  13 wights
  7 howler monkeys
  A crimson imp (Abyss:3)
  3 hounds
  11 orc priests
  7 iguanas
  2 gnoll boudas
  Terence (D:3)
  10 orc wizards
  10 gnolls
  2 adders (D:6)
  2 shadow imps
  2 white imps
  2 ufetubi
  A worm (D:2)
  4 dart slugs
  32 orcs
  7 endoplasms
  5 giant cockroaches
  5 goblins
  6 hobgoblins
  2 jackals (D:4)
  A quokka (D:3)
  4 ball pythons
  9 bats
  6 frilled lizards
  14 kobolds
  5 rats
216 creatures vanquished.

Vanquished Creatures (others)
  3 plants (D:1)
3 creatures vanquished.

Grand Total: 219 creatures vanquished

Notes
Turn   | Place    | Note
-------+----------+-------------------------------------------
     0 | D:1      | SensoryNuts the Minotaur Fighter began the quest for the
                  | Orb.
     0 | D:1      | Reached XP level 1. HP: 19/19 MP: 0/0
   173 | D:1      | You fall into a shaft and drop 1 floor!
   199 | D:2      | Reached XP level 2. HP: 16/27 MP: 1/1
   526 | D:1      | Reached skill level 3 in Axes
  1199 | D:2      | Reached XP level 3. HP: 33/33 MP: 2/2
  1377 | D:2      | Found a faded altar of an unknown god.
  1394 | D:2      | Got Plato's Volume of Blasts
  1447 | D:2      | Identified the +10 dagger of Secoybo {flame, MP+9 Int+6}
  1603 | D:2      | Gained mutation: You sometimes lose your temper in combat.
                  | [potion of mutation]
  1958 | D:3      | Reached skill level 4 in Axes
  1958 | D:3      | Reached XP level 4. HP: 40/40 MP: 3/3
  1998 | D:3      | Identified the +9 war axe "Haschun" {speed, Int+5}
  2187 | D:3      | Noticed Terence
  2194 | D:3      | Killed Terence
  2392 | D:3      | Found a faded altar of an unknown god.
  2449 | D:3      | Found Etiol's Armour Shop.
  2752 | D:4      | Noticed Edmund
  2760 | D:4      | Killed Edmund
  2761 | D:4      | Reached skill level 5 in Axes
  2761 | D:4      | Reached skill level 1 in Dodging
  2761 | D:4      | Reached XP level 5. HP: 46/46 MP: 0/4
  2805 | D:4      | Noticed a phantom
  2810 | D:4      | Killed a phantom
  2811 | D:4      | Reached skill level 6 in Axes
  2811 | D:4      | Reached XP level 6. HP: 42/52 MP: 5/5
  2880 | D:4      | Found a staircase to the Ecumenical Temple.
  2910 | Temple   | Entered the Ecumenical Temple
  3182 | D:4      | Reached skill level 1 in Stealth
  3316 | D:4      | Noticed Eustachio
  3674 | D:4      | Found a basalt altar of Yredelemnul.
  3794 | D:5      | Entered Level 5 of the Dungeon
  3801 | D:5      | Reached skill level 7 in Axes
  3804 | D:5      | Reached skill level 5 in Armour
  3804 | D:5      | Reached XP level 7. HP: 58/59 MP: 6/6
  3899 | D:5      | Reached skill level 8 in Axes
  4184 | D:5      | Reached skill level 9 in Axes
  4212 | D:5      | Reached XP level 8. HP: 45/67 MP: 7/7
  4362 | D:5      | Reached skill level 10 in Axes
  4409 | D:5      | Identified the ring "Rawkibb" {rPois rCorr MP+9}
  4530 | D:5      | Found a glowing golden altar of the Shining One.
  4578 | D:5      | Found a stormy altar of Qazlal.
  4578 | D:5      | Found an ancient bone altar of Kikubaaqudgha.
  4644 | D:5      | Found an opulent altar of Gozag.
  4644 | D:5      | Found a blossoming altar of Fedhas.
  4780 | D:5      | Reached skill level 11 in Axes
  4909 | D:6      | Noticed Blork the orc
  4916 | D:6      | Killed Blork the orc
  6243 | D:6      | Identified a scroll of acquirement
  6243 | D:6      | Acquired a manual of Axes
  6287 | D:7      | Reached skill level 5 in Fighting
  6287 | D:7      | Reached skill level 12 in Axes
  6287 | D:7      | Reached XP level 9. HP: 66/74 MP: 8/8
  6492 | D:7      | Noticed Maggie
  6512 | D:7      | Killed Maggie
  6513 | D:7      | Reached skill level 13 in Axes
  6948 | D:7      | Reached skill level 14 in Axes
  7362 | D:8      | Found a transporter.
  7363 | D:8      | Noticed a boulder beetle
  7364 | D:8      | Found a transporter.
  7444 | D:8      | Reached skill level 15 in Axes
  7516 | D:8      | Reached skill level 16 in Axes
  7523 | D:8      | Reached skill level 5 in Shields
  7523 | D:8      | Reached XP level 10. HP: 73/83 MP: 9/9
  7583 | D:8      | Noticed a two-headed ogre
  7703 | D:7      | Killed a two-headed ogre
  7704 | D:7      | Reached skill level 17 in Axes
  8347 | D:8      | Found a shimmering altar of Xom.
  8421 | D:8      | Found Nutecvep's CLEARANCE SALE!.
  8622 | D:9      | Found a shadowy altar of Dithmenos.
  8645 | D:8      | Reached skill level 18 in Axes
  8847 | D:9      | Noticed a two-headed ogre
  9129 | D:9      | Killed a two-headed ogre
  9130 | D:9      | Reached skill level 19 in Axes
  9348 | D:9      | Noticed a wizard
  9356 | Abyss:2  | Cast into level 2 of the Abyss (a wizard)
  9363 | Abyss:3  | Found a corrupted altar of Lugonu.
  9392 | Abyss:3  | Noticed a smoke demon
  9402 | Abyss:3  | Noticed a large abomination
  9419 | Abyss:3  | Killed a large abomination
  9491 | Abyss:3  | Reached XP level 11. HP: 65/94 MP: 10/10
  9500 | Abyss:3  | Noticed a flayed ghost
  9518 | Abyss:3  | Noticed a thrashing horror
  9521 | Abyss:3  | Noticed a lich
  9522 | Abyss:3  | Noticed a wretched star
  9528 | Abyss:3  | HP: 2/94 [wretched star/lance of force (11)]
  9528 | Abyss:3  | Collided with a butterfly

Illustrated notes

Levels and vault maps discovered:
D:1:      dpeg_arrival_prison, layout_rooms, serial_bayou, serial_bayou_shore_a,
          serial_bayou_pond_d, serial_bayou_pond_a, serial_bayou_crossing,
          minmay_cut_off
D:2:      wander_river, layout_loops_ring, shapermc_ecumenical_altar_rom_forum
D:3:      kennysheep_six_static_rooms, layout_basic,
          nicolae_overflow_ecumenical_swirl, serial_shops, shop, minivault_11,
          uniq_terence
D:4:      layout_loops_ring, lemuel_doored_altar, temple_doors_e,
          uniq_eustachio, uniq_edmund
D:5:      layout_gridville, nicolae_overflow_two_pavilions, marbit_many_paths,
          mainiacjoe_overflow_divided_tiny, grunt_decor_fettered,
          dk_noncrumbling_4, nicolae_elevator_lobby_asterisk
D:6:      layout_layer_cave, uniq_blork_the_orc
D:7:      layout_basic, uniq_maggie
D:8:      gammafunk_boulding_lane, layout_rooms, tgw_xom, nicolae_shop_clearance
D:9:      layout_rooms, mainiacjoe_overflow_catwalk, david_lair_generic,
          laboratory
Temple:   nicolae_temple_figure_eight
Abyss:3:  base: D:2, nicolae_abyss_rune_star_stuff,
          serial_sigils_hangedman_shear

Skill      XL: |  1  2  3  4  5  6  7  8  9 10 |
---------------+-------------------------------+-----
Axes           | 3 4 5 6 7 9 12 16 19 | 19.5
Armour         | 4 5 6 7 |  7.5
Shields        | 4 5 |  5.5
Fighting       | 4 5 6 8 |  8.1
Dodging        | 1 2 3 |  3.4
Stealth        | 1 2 |  2.5
Evocations     | |  0.2

Action                   |  1- 3 |  4- 6 |  7- 9 | 10-12 || total
-------------------------+-------+-------+-------+-------++-------
Melee: War axe           |    79 |    78 |   208 |   110 ||   475
       Headbutt          |    10 |     7 |    36 |    30 ||    83
Evoke: Wand              |       |       |       |     2 ||     2
  Use: Potion            |    11 |     5 |     1 |     5 ||    22
       Scroll            |     5 |     6 |     3 |    16 ||    30
 Stab: Paralysed         |       |       |       |     3 ||     3
Armor: Scale mail        |    46 |    17 |    29 |       ||    92
       Steam dragon scal |       |       |    10 |     1 ||    11
       Plate armour      |       |       |       |    49 ||    49
       Skin              |       |       |       |     1 ||     1
Dodge: Dodged            |    41 |    15 |    52 |    26 ||   134
Block: Buckler           |    19 |     8 |    45 |    19 ||    91

Table legend: (Time is in decaauts)
 A = Elapsed time spent in this place.
 B = Non-inter-level travel time spent in this place.
 C = Inter-level travel time spent in this place.
 D = Time resting spent in this place.
 E = Time spent auto-exploring this place.
 F = Levels seen in this place.
 G = Mean time per level.
                   A        B        C        D        E       F      G
               +--------+--------+--------+--------+--------+-----+--------+
         Total |   9552 |   9088 |    464 |    696 |   6740 |  12 |  796.0 |
       Dungeon |   9164 |   8724 |    440 |    627 |   6552 |   9 | 1018.2 |
        Temple |    214 |    190 |     24 |      0 |    188 |   1 |  214.0 |
         Abyss |    173 |    173 |      0 |     69 |      0 |   2 |   86.5 |
               +--------+--------+--------+--------+--------+-----+--------+

Top non-repeatable levels by time:
     D:7: 1489 daAuts
     D:6: 1385 daAuts
     D:3: 1174 daAuts
     D:8: 1134 daAuts
     D:2: 972 daAuts
     D:1: 939 daAuts
     D:5: 928 daAuts
     D:4: 732 daAuts
     D:9: 407 daAuts
  Temple: 214 daAuts
 Abyss:3: 166 daAuts
 Abyss:2: 6 daAuts
